 Dungeon Crawl Stone Soup version 0.26-a0-707-g31817bcca1 (webtiles) character file.

Game seed: 8903156849215550937

5618 marklar909 the Cleaver (level 10, 0/88 HPs)
             Began as a Hill Orc Monk on Oct 27, 2020.
             Was a High Priest of Nemelex Xobeh.
             Hit by a large rock thrown by a cyclops (22 damage)
             ... on level 11 of the Dungeon.
             The game lasted 00:18:07 (11680 turns).

marklar909 the Cleaver (Hill Orc Monk)             Turns: 11680, Time: 00:18:08

Health: 0/88       AC: 14    Str: 18    XL:     10   Next: 73%
Magic:  16/16      EV: 13    Int: 10    God:    Nemelex Xobeh [*****.]
Gold:   514        SH:  0    Dex: 13    Spells: 9/9 levels left

rFire    . . .     SeeInvis .   G - +0 war axe (drain)
rCold    . . .     Faith    .   (no shield)
rNeg     . . .     Spirit   .   e - +0 ring mail
rPois    .         Reflect  .   i - +1 helmet
rElec    .         Harm     .   l - +0 cloak
rCorr    .         Rampage  .   q - +1 pair of gloves
MR       .....                  x - +1 pair of boots
Stlth    ++........             D - amulet of the acrobat
HPRegen  0.24/turn              (no ring)
MPRegen  0.15/turn              (no ring)

@: lightly drained
A: no striking features
a: Draw Escape, Draw Destruction, Draw Summoning, Triple Draw, Deal Four, Stack
Five, Renounce Religion


You were on level 11 of the Dungeon.
You worshipped Nemelex Xobeh.
Nemelex Xobeh was extremely pleased with you.
You visited 1 branch of the dungeon, and saw 10 of its levels.
You also visited: Ossuary.

You collected 657 gold pieces.
You spent 143 gold pieces at shops.

Inventory:

Hand Weapons
 G - a +0 war axe of draining (weapon)
 H - a +2 antimagic war axe
Missiles
 E - 24 bolts
Armour
 e - a +0 ring mail (worn)
 i - a +1 helmet (worn)
 l - a +0 cloak (worn)
 q - a +1 pair of gloves (worn)
 x - a +1 pair of boots (worn)
Jewellery
 D - an amulet of the acrobat (around neck)
 F - a +4 ring of protection {unknown}
Wands
 d - a wand of iceblast (16)
 f - a wand of random effects (32)
 k - a wand of acid (9)
 r - a wand of flame (16)
 s - a wand of paralysis (1)
Scrolls
 b - 3 scrolls of immolation
 c - 3 scrolls of amnesia
 g - 2 scrolls of blinking
 h - a scroll of magic mapping
 j - 5 scrolls of identify
 o - 4 scrolls of teleportation
 v - 4 scrolls of remove curse
 y - a scroll of fear
Potions
 a - 2 potions of heal wounds
 m - 3 potions of curing
 n - 3 potions of lignification
 p - 3 potions of resistance {unknown}
 t - 2 potions of degeneration {unknown}
 u - a potion of berserk rage {unknown}
 w - 4 potions of mutation {unknown}
 z - a potion of might
 A - 4 potions of stabbing {unknown}
 B - a potion of ambrosia {unknown}
 C - 4 potions of flight {unknown}


   Skills:
 + Level 7.7(7.2) Fighting
 + Level 12.3(11.8) Axes
 + Level 7.0(6.5) Armour
 + Level 4.7(4.3) Dodging
 + Level 4.1(3.6) Stealth
 * Level 8.4(7.9) Invocations
 + Level 0.7(0.3) Evocations


You had 9 spell levels left.
You didn't know any spells.
Your spell library contained the following spells:

 Spells                   Type           Power        Failure   Level
 Cause Fear               Hex            #.........   99%         4
 Silence                  Hex/Air        #.........   100%        5
 Yara's Violent Unravell  Hex/Tmut       #.........   100%        5
 Discord                  Hex            #.........   100%        8


Dungeon Overview and Level Annotations

Branches:
Dungeon (9/15)             Temple (0/1) D:7            Lair (0/6) D:8
Ossuary (visited)
    Orc: D:9-12

Altars:
Ashenzari
Cheibriados
Hepliaklqana
Makhleb
Nemelex Xobeh
Okawaru
Qazlal
Trog
Yredelemnul
The Shining One

Shops:
D:6 }   D:8 (


Message History

The goblin hits you but does no damage.
The bullfrog hits you but does no damage.
You swap places.
A goblin comes into view. It is wielding a +0 spear.
The goblin completely misses you.
The cyclops throws a large rock.
The large rock hits you but does no damage.
The bullfrog hits you.
* * * LOW HITPOINT WARNING * * *
Your rakshasa is engulfed in a cloud of scalding steam.
Your rakshasa hits the bullfrog with a +0 whip!
The bullfrog dies!
You see here a large rock.
You draw a card...
You have drawn the Orb.
Press: ? - help, Shift-Dir - straight line, f/p - cyclops
Aim: a cyclops, quivering 2 large rocks The goblin closely misses you.
The cyclops throws a large rock.
The large rock hits you!!
You die...
Your body glows with a rainbow of weird colours and disappears.

######### .
#........
...#+####.......
...........†#
..........@R#
..#########*#


#gCggC... #..≈≈g≈≈≈ #..≈##.## #..≈# .# #..≈# #..≈# #..≈# You could see a
cyclops, 3 goblins and a friendly rakshasa (summoned).

Vanquished Creatures
  Gastronok (D:8)
  Pikel (D:4)
  Psyche (D:8)
  Maggie (D:8)
  A sky beast (D:8)
  3 ice beasts
  2 orc warriors
  A phantom (D:8)
  An eye of draining (D:9)
  2 ogres
  A lemure (D:4)
  4 centaurs
  4 bullfrogs
  2 howler monkeys (D:8)
  4 wights (D:9)
  A bullfrog zombie (D:6)
  A hound (D:7)
  A jelly (D:4)
  Crazy Yiuf (D:7)
  2 bullfrog skeletons
  An orc priest (D:5)
  7 orc wizards
  3 iguanas
  Ijyb (D:4)
  4 worker ants
  Terence (D:3)
  A hound zombie (D:7)
  3 mummies (Ossuary)
  5 gnolls
  7 adders
  2 shadow imps
  5 white imps
  4 ufetubi
  An ooze (D:3)
  2 adder zombies (D:5)
  A worm zombie (D:6)
  An adder skeleton (D:4)
  2 worms
  4 dart slugs
  4 leopard geckos
  13 orcs
  5 bats
  8 giant cockroaches
  6 goblins
  9 hobgoblins
  19 jackals
  7 kobolds
  6 quokkas
  2 ball pythons
  A ball python skeleton (D:5)
  3 frilled lizards
  A gnoll zombie (Ossuary)
  2 goblin zombies (Ossuary)
  6 hobgoblin zombies (Ossuary)
  A jackal zombie (D:6)
  5 kobold zombies (Ossuary)
  3 quokka zombies (Ossuary)
  13 rats
  A rat zombie (Ossuary)
205 creatures vanquished.

Vanquished Creatures (collateral kills)
  Eustachio (D:4)
  A bullfrog (D:11)
  A scorpion (D:4)
  A quasit (D:7)
  A hound (D:4)
  3 orc wizards (D:7)
  2 gnolls (D:7)
  An ooze (D:4)
  An adder zombie (D:7)
  An adder skeleton (D:4)
  4 orcs (D:7)
  A quokka (D:4)
18 creatures vanquished.

Vanquished Creatures (others)
  4 plants (D:8)
4 creatures vanquished.

Grand Total: 227 creatures vanquished

Notes
Turn   | Place    | Note
-------+----------+-------------------------------------------
     0 | D:1      | marklar909 the Hill Orc Monk began the quest for the Orb.
     0 | D:1      | Reached XP level 1. HP: 19/19 MP: 1/1
    72 | D:1      | Reached XP level 2. HP: 27/27 MP: 2/2
   257 | D:1      | Reached XP level 3. HP: 33/33 MP: 3/3
  1030 | D:2      | Reached skill level 5 in Axes
  1030 | D:2      | Reached skill level 1 in Armour
  1030 | D:2      | Reached XP level 4. HP: 26/41 MP: 4/4
  1952 | D:3      | Found a broken altar of Ashenzari.
  2018 | D:3      | Noticed Terence
  2031 | D:3      | Killed Terence
  2225 | D:3      | Found a faded altar of an unknown god.
  2225 | D:3      | Found a snail-covered altar of Cheibriados.
  2230 | D:3      | Found a faded altar of an unknown god.
  2232 | D:3      | Found a basalt altar of Yredelemnul.
  2234 | D:3      | Found a bloodstained altar of Trog.
  2325 | D:3      | Reached XP level 5. HP: 46/47 MP: 5/5
  2823 | D:3      | Found a sparkling altar of Nemelex Xobeh.
  3024 | D:3      | Became a worshipper of Nemelex Xobeh the Trickster
  3024 | D:3      | Reached * piety under Nemelex Xobeh
  3024 | D:3      | Received a gift from Nemelex Xobeh
  3024 | D:3      | Reached ** piety under Nemelex Xobeh
  3104 | D:4      | Received a gift from Nemelex Xobeh
  3147 | D:4      | Reached skill level 1 in Invocations
  3398 | D:4      | Noticed Ijyb
  3403 | D:4      | Killed Ijyb
  3403 | D:4      | Reached skill level 6 in Axes
  3403 | D:4      | Reached XP level 6. HP: 53/53 MP: 6/6
  3454 | D:4      | Noticed Eustachio
  3481 | D:4      | Killed Eustachio
  3564 | D:4      | Noticed Pikel
  3580 | D:4      | Killed Pikel
  3580 | D:4      | Reached skill level 5 in Fighting
  3580 | D:4      | Reached skill level 7 in Axes
  3580 | D:4      | Reached XP level 7. HP: 23/61 MP: 7/9
  3580 | D:4      | Reached XP level 8. HP: 26/68 MP: 7/10
  4720 | D:4      | Reached *** piety under Nemelex Xobeh
  4780 | D:5      | Entered Level 5 of the Dungeon
  4780 | D:5      | Received a gift from Nemelex Xobeh
  5011 | D:5      | Reached skill level 8 in Axes
  5256 | D:5      | Reached skill level 5 in Armour
  6600 | D:6      | Found Ecvaev's Gadget Boutique.
  6651 | D:6      | Found a sand-covered staircase.
  6676 | Ossuary  | Entered an ossuary
  6702 | Ossuary  | Reached skill level 9 in Axes
  7165 | D:6      | Reached skill level 5 in Invocations
  7485 | D:6      | Reached XP level 9. HP: 75/75 MP: 12/12
  7621 | D:6      | Found a stormy altar of Qazlal.
  7756 | D:6      | Found a glowing golden altar of the Shining One.
  7887 | D:6      | Reached **** piety under Nemelex Xobeh
  8412 | D:7      | Received a gift from Nemelex Xobeh
  8481 | D:7      | Found a runed translucent door.
  8482 | D:7      | Noticed Crazy Yiuf
  8789 | D:7      | Found a burning altar of Makhleb.
  8789 | D:7      | Found a hazy altar of Hepliaklqana.
  8848 | D:7      | Reached skill level 10 in Axes
  8961 | D:7      | Received a gift from Nemelex Xobeh
  9063 | D:7      | Found a staircase to the Ecumenical Temple.
  9434 | D:7      | Killed Crazy Yiuf
  9627 | D:8      | Found a staircase to the Lair.
 10114 | D:8      | Noticed Maggie
 10126 | D:8      | Killed Maggie
 10134 | D:8      | Noticed Gastronok
 10343 | D:8      | Killed Gastronok
 10343 | D:8      | Reached skill level 11 in Axes
 10343 | D:8      | Reached XP level 10. HP: 81/86 MP: 14/16
 10440 | D:8      | Found Wupnai's Antique Weapon Shop.
 10461 | D:8      | Bought a runed war axe for 143 gold pieces
 10510 | D:8      | Reached ***** piety under Nemelex Xobeh
 10580 | D:8      | Noticed Psyche
 10588 | D:8      | Killed Psyche
 10588 | D:8      | Reached skill level 12 in Axes
 10725 | D:8      | Received a gift from Nemelex Xobeh
 10730 | D:8      | Found an iron altar of Okawaru.
 10926 | D:9      | Noticed a two-headed ogre
 11656 | D:9      | You fall into a shaft and drop 2 floors!
 11669 | D:11     | Noticed a cyclops
 11670 | D:11     | Noticed a smoke demon
 11680 | D:11     | Hit by a large rock thrown by a cyclops

Illustrated notes

Levels and vault maps discovered:
D:1:      minmay_arrival_glassed_features, layout_loops_ring
D:2:      layout_loops_cross, minmay_circle_x
D:3:      layout_loops_ring, chequers_temple_overflow_minitemple,
          marbit_many_paths, cheibrodos_ashenzari_chains, uniq_terence
D:4:      layout_cave_pods, chequers_serial_rivers_large_b, wad_floor_pattern_2,
          uniq_eustachio, uniq_ijyb, uniq_pikel
D:5:      layout_cave_pools
D:6:      layout_loops_cross, tso_oasis_becter, enter_ossuary_3, serial_shops,
          nicolae_shop_statue_plus, grunt_qazlal_clouds
D:7:      layout_basic, gammafunk_temple_overflow_wave,
          minmay_temple_entry_butterflies, uniq_crazy_yiuf_cottage
D:8:      layout_rooms, lair_entry_dummy, serial_shops,
          nicolae_shop_overgrown_old_shop, okawaru_metal_pillars_1_2,
          uniq_psyche, uniq_gastronok, uniq_maggie
D:9:      layout_cave_pools, makhleb_heckhound_becter
D:11:     layout_irregular_city, david_orc_4, enter_bailey_3,
          hangedman_abyss_or_decor_passed, uniq_snorg

Skill      XL: |  1  2  3  4  5  6  7  8  9 10 |
---------------+-------------------------------+-----
Fighting       | 4 5 6 7 |  7.7
Axes           | 5 6 7 9 11 12 | 12.3
Armour         | 1 2 4 5 6 7 |  7.0
Dodging        | 3 4 |  4.7
Invocations    | 1 3 5 8 |  8.4
Stealth        | 2 3 4 |  4.1
Evocations     | |  0.7

Action                   |  1- 3 |  4- 6 |  7- 9 | 10-12 || total
-------------------------+-------+-------+-------+-------++-------
Melee: Hand axe          |   138 |   156 |   442 |       ||   736
       War axe           |       |       |    72 |    91 ||   163
Invok: Draw Destruction  |       |     7 |    10 |     6 ||    23
       Draw Escape       |       |     1 |     5 |       ||     6
       Draw Summoning    |       |     1 |     2 |     1 ||     4
Evoke: Wand              |       |       |     2 |     5 ||     7
  Use: Scroll            |       |       |    17 |     1 ||    18
       Potion            |       |       |     1 |       ||     1
 Stab: Sleeping          |     2 |     2 |     1 |     1 ||     6
       Paralysed         |       |       |     6 |       ||     6
Armor: Robe              |     7 |       |       |       ||     7
       Ring mail         |    48 |    51 |   207 |    44 ||   350
Dodge: Dodged            |    93 |    97 |   286 |    64 ||   540

Table legend: (Time is in decaauts)
 A = Elapsed time spent in this place.
 B = Non-inter-level travel time spent in this place.
 C = Inter-level travel time spent in this place.
 D = Time resting spent in this place.
 E = Time spent auto-exploring this place.
 F = Levels seen in this place.
 G = Mean time per level.
                   A        B        C        D        E       F      G
               +--------+--------+--------+--------+--------+-----+--------+
         Total |  11682 |  11167 |    515 |   2956 |   6481 |  11 | 1062.0 |
       Dungeon |  11262 |  10747 |    515 |   2776 |   6334 |  10 | 1126.2 |
       Ossuary |    419 |    419 |      0 |    180 |    147 |   1 |  419.0 |
               +--------+--------+--------+--------+--------+-----+--------+

Top non-repeatable levels by time:
     D:4: 2093 daAuts
     D:7: 2044 daAuts
     D:5: 1277 daAuts
     D:8: 1259 daAuts
     D:3: 1138 daAuts
     D:6: 1081 daAuts
     D:2: 1019 daAuts
     D:1: 941 daAuts
 Ossuary: 419 daAuts
     D:9: 385 daAuts
    D:11: 22 daAuts
